details: 'no rax no towers beats a double rax footmen rush'

« prev index next »

General information

Mini Map

Players

team 1
Orcpps.0 (red | 62 APM | 511 actions | 08:15)
Hero icon 3 Blademaster
Ability icon 1 Wind Walk
Ability icon 2 Critical Strike

» actions
Assign group hotkey11
Basic commands49
Build / train30
ESC pressed1
Enter build submenu11
Enter hero's abilities submenu3
Give item / drop item3
Right click180
Select / deselect158
Select group hotkey27
Use ability38
511 total
» units
Peon20
20 total
» buildings
Altar of Storms1
Orc Burrow4
Voodoo Lounge2
War Mill1
Watch Tower2
10 total
» build order
00:08 Altar of Storms
00:21 Orc Burrow
00:46 Voodoo Lounge
01:07 Voodoo Lounge
01:21 War Mill
01:50 Orc Burrow
02:34 Watch Tower
02:47 Watch Tower
03:47 Orc Burrow
04:47 Orc Burrow
» items
Healing Salve2
Lesser Clarity Potion3
5 total
team 2
HumanMegaGomer (teal | 44 APM | 364 actions | 08:14)
Hero icon 3 Archmage
Ability icon 2 Summon Water Elemental
Ability icon 1 Brilliance Aura

» actions
Assign group hotkey19
Build / train24
Enter build submenu8
Enter hero's abilities submenu3
Right click81
Select / deselect119
Select group hotkey79
Use ability31
364 total
» units
Peasant13
Footman6
19 total
» upgrades
Defend1
1 total
» buildings
Barracks3
Altar of Kings1
Farm4
8 total
» build order
00:06 Barracks
00:12 Altar of Kings
00:34 Farm
01:16 Farm
01:56 Barracks
02:01 Barracks
02:31 Farm
03:13 Farm